 Dungeon Crawl Stone Soup version 0.30-a0-782-ge64f9170bb (webtiles) character file.

Game seed: 1444060523819712376

1274 BRD the Chopper (level 8, -1/64 HPs)
             Began as a Gnoll Reaver on Feb 22, 2023.
             Was a Believer of Cheibriados.
             Slain by a water moccasin (4 damage)
             ... on level 5 of the Dungeon.
             The game lasted 00:10:58 (3732 turns).

BRD the Chopper (Gnoll Reaver)                      Turns: 3732, Time: 00:10:59

Health: -1/64      AC:  8    Str: 20    XL:     8   Next: 53%
Magic:  17/17      EV: 14    Int: 19    God:    Cheibriados [**....]
Gold:   195        SH:  0    Dex: 19    Spells: 11/19 levels left

rFire   + + .      SeeInvis .    t - +8 quarterstaff "Donar" {vamp, Dex+3}
rCold   + + .      Faith    .    (shield currently unavailable)
rNeg    + . .      Spirit   .    H - +2 ring mail {rC+}
rPois   +          Reflect  .    r - +0 helmet
rElec   +          Harm     .    e - scarf {shadows}
rCorr   +          Rampage  .    (no gloves)
Will    .....                    (no boots)
Stlth   ++                       (no amulet)
HPRegen 0.30/turn                h - ring of protection from fire
MPRegen 0.15/turn                p - ring of positive energy

@: mighty, lethally poisoned (-1 -> -11), resistant, hasted
A: fangs 1, strong nose, distributed training
a: Renounce Religion, Bend Time


You were on level 5 of the Dungeon.
You worshipped Cheibriados.
Cheibriados was pleased with you.
You visited 1 branch of the dungeon, and saw 5 of its levels.
You also visited: Sewer.

You collected 195 gold pieces.

Inventory:

Hand Weapons
 a - a +0 hand axe
 t - the +8 quarterstaff "Donar" (weapon) {vamp, Dex+3}
   (You found it on level 3 of the Dungeon)

   Dex:       It affects your dexterity (+3).
Missiles
 B - 4 poisoned darts (quivered)
 G - 3 boomerangs of dispersal
Armour
 e - a scarf of shadows (worn)
 r - a +0 helmet (worn)
 z - a +0 kite shield
 H - a +2 ring mail of cold resistance (worn)
Jewellery
 h - a ring of protection from fire (left hand)
 p - a ring of positive energy (right hand)
 u - a ring of protection from fire
Wands
 A - a wand of iceblast (20)
Scrolls
 b - 3 scrolls of identify {unknown}
 c - a scroll of brand weapon {unknown}
 g - a scroll of blinking {unknown}
 j - 3 scrolls of fog {unknown}
 k - a scroll of torment {unknown}
 l - 2 scrolls of poison {unknown}
 m - a scroll of vulnerability {unknown}
 q - a scroll of enchant armour {unknown}
 y - 2 scrolls of enchant weapon {unknown}
 E - a scroll of magic mapping {unknown}
Potions
 d - a potion of magic
 f - a potion of resistance
 i - 2 potions of cancellation {unknown}
 n - a potion of attraction {unknown}
 o - a potion of flight
 s - 3 potions of mutation
 v - a potion of heal wounds {unknown}
 w - a potion of haste
 C - a potion of degeneration {unknown}
 D - a potion of lignification {unknown}
 F - a potion of curing {unknown}


   Skills:
 + Level 5.8 Fighting
 + Level 3.5 Short Blades
 + Level 3.5 Long Blades
 + Level 7.5 Axes
 + Level 3.5 Maces & Flails
 + Level 3.5 Polearms
 + Level 3.5 Staves
 + Level 3.5 Ranged Weapons
 + Level 3.5 Throwing
 + Level 3.5 Armour
 + Level 5.8 Dodging
 + Level 3.5 Stealth
 + Level 3.5 Shields
 + Level 3.5 Unarmed Combat
 + Level 6.1 Spellcasting
 + Level 6.2 Conjurations
 + Level 2.8 Hexes
 + Level 2.8 Summonings
 + Level 2.8 Necromancy
 + Level 2.8 Translocations
 + Level 2.8 Transmutations
 + Level 2.8 Fire Magic
 + Level 2.8 Ice Magic
 + Level 2.8 Air Magic
 + Level 2.8 Earth Magic
 + Level 2.8 Poison Magic
 + Level 3.8 Invocations
 + Level 3.5 Evocations


You had 11 spell levels left.
You knew the following spells:

 Your Spells              Type           Power      Damage    Failure   Level
a - Kiss of Death         Conj/Necr      92%        2d12      2%          1
b - Ozocubu's Armour      Ice            16%        N/A       16%         3
c - Lesser Beckoning      Tloc           32%        N/A       9%          2
d - Blink                 Tloc           32%        N/A       9%          2

Your spell library contained the following spells:

 Spells                   Type           Power      Damage    Failure   Level
 Momentum Strike          Conj/Tloc      46%        3d9       4%          2
 Ensorcelled Hibernation  Hex/Ice        32%        N/A       9%          2
 Hailstorm                Conj/Ice       23%        3d7       9%          3
 Confusing Touch          Hex            16%        N/A       16%         3
 Spider Form              Tmut/Pois      16%        N/A       16%         3
 Anguish                  Hex/Necr       8%         N/A       47%         4
 Dispel Undead            Necr           16%        3d10      47%         4
 Ozocubu's Refrigeration  Ice            8%         4d9       100%        7


Dungeon Overview and Level Annotations

Branches:
Dungeon (5/15)              Sewer (visited)
 Temple: D:4-7

Altars:
Cheibriados
Uskayaw

Annotations:
D:5 3 runed translucent doors, 0netwelve's ghost, amateur HOMo


Innate Abilities, Weirdness & Mutations

You have very sharp teeth.
Your uncanny sense of smell can sniff out nearby items.
Your experience applies equally to all skills.


Message History

The iguana hisses angrily.
Your bite misses the water moccasin.
You feel very sick. The water moccasin misses you. The iguana misses you.
The water moccasin bites you.
You are more poisoned.
The water moccasin poisons you! The iguana bites you.
You hit the water moccasin.
The water moccasin is moderately wounded.
You feel very sick. The water moccasin barely misses you.
The iguana barely misses you.
You feel very mighty all of a sudden.
You feel very sick. The water moccasin bites you.
The water moccasin completely misses you.
The iguana bites you.
* * * LOW HITPOINT WARNING * * *
It was a potion of mutation.
You feel extremely strange.
Your fingernails lengthen.
Your fingernails shrink to normal size.
* * * LOW HITPOINT WARNING * * *
You feel very sick. The water moccasin closely misses you.
The iguana bites you but does no damage.
It was a potion of magic.
Magic courses through your body.
* * * LOW HITPOINT WARNING * * *
You feel very sick. The water moccasin bites you.
* * * LOW HITPOINT WARNING * * *
The iguana closely misses you. The water moccasin barely misses you.
It was a potion of resistance.
You feel protected.
* * * LOW HITPOINT WARNING * * *
You feel sick. The water moccasin barely misses you.
The iguana closely misses you.
It was a potion of haste.
You feel yourself speed up.
Cheibriados forgives your accidental hurry, just this once.
* * * LOW HITPOINT WARNING * * *
You feel very sick. The water moccasin bites you.
You die...

########
....^..## ##
?.......## #.
.........# ##..
......)..##
...#######....##
#..8..8.##...#
#S@.$(...##..#
#ll######..##.##
#..# #..#..# #.#
#.##)# #.. ..#.#
∆#. ∆ ∆ .#.# # ∆
##.# #..# ##.###


You could see a water moccasin and 2 iguanas.

Vanquished Creatures
  Sigmund (D:2)
  Duvessa (D:4)
  An ice beast (D:5)
  A black bear (D:5)
  2 ogres
  2 phantoms (D:5)
  A necrophage (D:5)
  Dowan (D:4)
  A hound (D:4)
  3 jellies (Sewer)
  Natasha (D:1)
  An iguana (D:4)
  An orc wizard (D:3)
  Robin (D:2)
  2 gnolls (D:5)
  4 adders
  A river rat (Sewer)
  An ufetubus (D:5)
  4 worms
  3 dart slugs
  3 orcs
  8 ball pythons
  14 endoplasms
  7 giant cockroaches
  8 goblins
  11 hobgoblins
  4 jackals
  7 kobolds
  4 quokkas
  7 bats
  4 frilled lizards
  8 rats
118 creatures vanquished.

Vanquished Creatures (others)
  3 fungi (D:5)
  4 plants
7 creatures vanquished.

Grand Total: 125 creatures vanquished

Notes
Turn   | Place    | Note
-------+----------+-------------------------------------------
     0 | D:1      | BRD the Gnoll Reaver began the quest for the Orb.
     0 | D:1      | Reached XP level 1. HP: 20/20 MP: 6/6
   133 | D:1      | Reached XP level 2. HP: 26/26 MP: 7/7
   420 | D:1      | Reached skill level 5 in Spellcasting
   420 | D:1      | Reached XP level 3. HP: 25/31 MP: 7/9
   627 | D:2      | Noticed Natasha
   692 | D:1      | Reached skill level 1 in Invocations
   694 | D:1      | Killed Natasha
   695 | D:1      | Reached skill level 1 in Short Blades
   695 | D:1      | Reached skill level 1 in Long Blades
   695 | D:1      | Reached skill level 1 in Maces & Flails
   695 | D:1      | Reached skill level 1 in Polearms
   695 | D:1      | Reached skill level 1 in Staves
   695 | D:1      | Reached skill level 1 in Ranged Weapons
   695 | D:1      | Reached skill level 1 in Throwing
   695 | D:1      | Reached skill level 1 in Armour
   695 | D:1      | Reached skill level 1 in Stealth
   695 | D:1      | Reached skill level 1 in Shields
   695 | D:1      | Reached skill level 1 in Unarmed Combat
   695 | D:1      | Reached skill level 1 in Evocations
   695 | D:1      | Reached XP level 4. HP: 23/38 MP: 11/11
  1058 | D:2      | Noticed Robin
  1072 | D:2      | Killed Robin
  1073 | D:2      | Reached skill level 1 in Hexes
  1073 | D:2      | Reached skill level 1 in Summonings
  1073 | D:2      | Reached skill level 1 in Necromancy
  1073 | D:2      | Reached skill level 1 in Translocations
  1073 | D:2      | Reached skill level 1 in Transmutations
  1073 | D:2      | Reached skill level 1 in Fire Magic
  1073 | D:2      | Reached skill level 1 in Ice Magic
  1073 | D:2      | Reached skill level 1 in Air Magic
  1073 | D:2      | Reached skill level 1 in Earth Magic
  1073 | D:2      | Reached skill level 1 in Poison Magic
  1215 | D:2      | Noticed Sigmund
  1222 | D:2      | Killed Sigmund
  1223 | D:2      | Reached XP level 5. HP: 40/43 MP: 12/12
  1223 | D:2      | Reached XP level 6. HP: 46/50 MP: 14/14
  1291 | D:2      | Reached skill level 5 in Fighting
  1291 | D:2      | Reached skill level 5 in Dodging
  1328 | D:2      | Found a faded altar of an unknown god.
  1536 | D:3      | Found a snail-covered altar of Cheibriados.
  1542 | D:3      | Became a worshipper of Cheibriados the Contemplative
  1590 | D:3      | Identified the +8 quarterstaff "Donar" {vamp, Dex+3}
  1751 | D:3      | Found a glowing drain.
  1775 | Sewer    | Entered a sewer
  1891 | Sewer    | Reached * piety under Cheibriados
  1997 | Sewer    | Found a viscous altar of Jiyva.
  2170 | D:3      | Reached ** piety under Cheibriados
  2284 | D:3      | Reached skill level 7 in Axes
  2284 | D:3      | Reached XP level 7. HP: 52/56 MP: 15/15
  2671 | D:4      | Noticed Duvessa
  2671 | D:4      | Noticed Dowan
  2673 | D:4      | Killed Dowan
  2675 | D:4      | Killed Duvessa
  3211 | D:5      | Entered Level 5 of the Dungeon
  3211 | D:5      | Noticed a +0 falchion
  3340 | D:5      | Reached XP level 8. HP: 63/63 MP: 12/16
  3553 | D:5      | Learned a level 3 spell: Ozocubu's Armour
  3556 | D:5      | Learned a level 2 spell: Lesser Beckoning
  3559 | D:5      | Learned a level 2 spell: Blink
  3577 | D:5      | Found a runed translucent gate.
  3578 | D:5      | Found a runed translucent gate.
  3579 | D:5      | Found a runed translucent gate.
  3580 | D:5      | Noticed 0netwelve's ghost (amateur HOMo)
  3593 | D:5      | Found a hide-covered altar of Uskayaw.
  3593 | D:5      | Noticed a +0 falchion
  3599 | D:5      | Noticed a +0 spear
  3600 | D:5      | Noticed a +0 short sword
  3600 | D:5      | Noticed a +0 short sword
  3729 | D:5      | Gained mutation: You have sharp fingernails. [potion of
                  | mutation]
  3729 | D:5      | Lost mutation: You have sharp fingernails. [potion of
                  | mutation]
  3732 | D:5      | HP: 3/64 [poisoned by a water moccasin]
  3732 | D:5      | Slain by a water moccasin

Illustrated notes

Levels and vault maps discovered:
D:1:      lemuel_arrival_room, layout_basic, minmay_tripent
D:2:      layout_basic, shapermc_ecumenical_altar_ellora, uniq_natasha,
          uniq_robin, uniq_sigmund
D:3:      layout_loops_ring, lemuel_crystal_altar, cheibrodos_sewer_entry_bend
D:4:      layout_cave_pools, serial_rivers, chequers_serial_rivers_micro_e,
          chequers_serial_rivers_micro_b, chequers_serial_rivers_micro_b,
          chequers_serial_rivers_large_a, chequers_serial_rivers_small_b,
          chequers_serial_rivers_micro_a, uniq_duvessa
D:5:      layout_cave_pools, nicolae_uskayaw_en_pointe,
          mainiacjoe_overflow_alcove_4, gammafunk_ghost_nasty_kobolds,
          nzn_random_ring

Skill      XL: |  1  2  3  4  5  6  7  8 |
---------------+-------------------------+-----
Spellcasting   | 5 6 |  6.1
Invocations    | 1 2 3 |  3.8
Short Blades   | 1 2 3 |  3.5
Long Blades    | 1 2 3 |  3.5
Maces & Flails | 1 2 3 |  3.5
Polearms       | 1 2 3 |  3.5
Staves         | 1 2 3 |  3.5
Ranged Weapons | 1 2 3 |  3.5
Throwing       | 1 2 3 |  3.5
Armour         | 1 2 3 |  3.5
Stealth        | 1 2 3 |  3.5
Shields        | 1 2 3 |  3.5
Unarmed Combat | 1 2 3 |  3.5
Evocations     | 1 2 3 |  3.5
Hexes          | 1 2 |  2.8
Summonings     | 1 2 |  2.8
Necromancy     | 1 2 |  2.8
Translocations | 1 2 |  2.8
Transmutations | 1 2 |  2.8
Fire Magic     | 1 2 |  2.8
Ice Magic      | 1 2 |  2.8
Air Magic      | 1 2 |  2.8
Earth Magic    | 1 2 |  2.8
Poison Magic   | 1 2 |  2.8
Fighting       | 5 |  5.8
Dodging        | 5 |  5.8
Axes           | 7 |  7.5
Conjurations   | 6 |  6.2

Action                     |  1- 3 |  4- 6 |  7- 9 || total
---------------------------+-------+-------+-------++-------
  Melee: Hand axe          |    94 |    99 |       ||   193
         Bite              |     6 |    14 |     9 ||    29
         Punch             |     1 |     3 |       ||     4
         Quarterstaff      |       |    83 |    85 ||   168
  Throw: Dart              |       |       |     8 ||     8
 Invoke: Bend Time         |       |       |     2 ||     2
  Evoke: Wand              |       |       |     3 ||     3
    Use: Potion            |       |     2 |     5 ||     7
 Armour: Leather armour    |    25 |     1 |       ||    26
         Ring mail         |       |    54 |    29 ||    83
         Chain mail        |       |       |     6 ||     6
  Dodge: Dodged            |    65 |   105 |    81 ||   251

Table legend: (Time is in decaauts)
 A = Elapsed time spent in this place.
 B = Non-inter-level travel time spent in this place.
 C = Inter-level travel time spent in this place.
 D = Time resting spent in this place.
 E = Time spent auto-exploring this place.
 F = Levels seen in this place.
 G = Mean time per level.
                   A        B        C        D        E       F      G
               +--------+--------+--------+--------+--------+-----+--------+
         Total |   4593 |   4376 |    217 |    104 |   3086 |   6 |  765.5 |
       Dungeon |   4191 |   3974 |    217 |    104 |   2872 |   5 |  838.2 |
         Sewer |    401 |    401 |      0 |      0 |    214 |   1 |  401.0 |
               +--------+--------+--------+--------+--------+-----+--------+

Top non-repeatable levels by time:
     D:3: 1018 daAuts
     D:4: 940 daAuts
     D:2: 793 daAuts
     D:1: 739 daAuts
     D:5: 699 daAuts
   Sewer: 401 daAuts
